 Dungeon Crawl Stone Soup version 0.24.0-1-gfbc8707 (webtiles) character file.

Game seed: 2287211657822983468, levelgen mode: deterministic

1314 Fang the Skirmisher (level 8, -1/53 HPs)
             Began as a Gargoyle Berserker on Nov 1, 2019.
             Was an Elder of Trog.
             Slain by a killer bee zombie (5 damage)
             ... on level 6 of the Dungeon.
             The game lasted 00:04:56 (5268 turns).

Fang the Skirmisher (Gargoyle Berserker)            Turns: 5268, Time: 00:04:57

Health: -1/53      AC: 11    Str: 22    XL:     8   Next: 58%
Magic:  8/8        EV: 12    Int:  9    God:    Trog [****..]
Gold:   301        SH:  0    Dex:  9    Spells: 7/7 levels left

rFire    . . .     SeeInvis .   a - +0 hand axe
rCold    . . .     Gourm    .   (no shield)
rNeg     + . .     Faith    .   b - +0 animal skin
rPois    ∞         Spirit   .   (no helmet)
rElec    +         Reflect  .   t - scarf {repulsion}
rCorr    +         Harm     .   v - +2 pair of gloves
MR       +....                  (no boots)
Stlth    ++........             (no amulet)
HPRegen  0.17/turn              m - ring of protection from magic
MPRegen  0.11/turn              r - ring of resist corrosion

@: berserk cooldown, slowed, repel missiles, very slow
A: negative energy resistance 1, electricity resistance, unbreathing,
petrification resistance, rot immunity, AC +5
a: Berserk, Trog's Hand, Brothers in Arms, Renounce Religion


You were on level 6 of the Dungeon.
You worshipped Trog.
Trog was greatly pleased with you.
You were hungry.

You visited 1 branch of the dungeon, and saw 6 of its levels.

You collected 301 gold pieces.

Inventory:

Hand Weapons
 a - a +0 hand axe (weapon)
Armour
 b - a +0 animal skin (worn)
 t - a scarf of repulsion (worn)
 v - a +2 pair of gloves (worn)
Jewellery
 l - a +2 ring of dexterity
 m - a ring of protection from magic (left hand)
 r - a ring of resist corrosion (right hand)
 y - an uncursed amulet of the acrobat {unknown}
Wands
 p - a wand of enslavement (6)
Scrolls
 f - 2 scrolls of fear {unknown}
 g - 2 scrolls of magic mapping {unknown}
 h - 3 scrolls of enchant weapon {unknown}
 i - 2 scrolls of noise {unknown}
 j - 4 scrolls of identify {unknown}
 k - 2 scrolls of random uselessness {unknown}
 s - 2 scrolls of blinking {unknown}
 w - a scroll of teleportation {unknown}
Potions
 d - 2 potions of degeneration {unknown}
 e - 2 potions of curing {unknown}
 n - a potion of cancellation {unknown}
 o - 2 potions of haste {unknown}
 q - a potion of flight {unknown}
 u - a potion of invisibility {unknown}
Comestibles
 c - 8 rations
 x - 9 chunks of flesh


   Skills:
 * Level 7.1 Fighting
 * Level 5.9 Axes
 + Level 5.0 Armour
 - Level 2.3 Dodging
 + Level 4.1 Stealth


You had 7 spell levels left.
You didn't know any spells.
Your spell library was empty.

Dungeon Overview and Level Annotations

Branches:
Dungeon (6/15)             Temple (0/1) D:5

Altars:
Ashenzari
Trog


Innate Abilities, Weirdness & Mutations

You are resistant to torment.
Your stone body is resilient. (AC +5)
You are immune to poison.
You resist negative energy. (rN+)
You are resistant to electric shocks. (rElec)
You can survive without breathing.
You are immune to petrification.
You are immune to rotting.


Message History

The killer bee zombie hits you.
* * * LOW HITPOINT WARNING * * *
The killer bee zombie completely misses you.
Things that are here:
15 gold pieces; a gnoll corpse You slash the killer bee zombie!
The killer bee zombie is severely damaged.
The killer bee zombie barely misses you.
The killer bee zombie hits you but does no damage.
The killer bee zombie barely misses you.
You hit the killer bee zombie.
The killer bee zombie is severely damaged.
The killer bee zombie closely misses you.
The killer bee zombie barely misses you.
The killer bee zombie hits you but does no damage.
You closely miss the killer bee zombie.
The killer bee zombie is severely damaged.
The killer bee zombie closely misses you.
The killer bee zombie hits you.
You die...

########....## .# #
..........#..##.#.#
#########.#.....#.#..
######.#....(..#..
.........[.8........
########........# ..
......>.......#...
..........#.......
######..)@).....#
#..)Z).#...#
#...†......#
#........###
#.......%#
..........#
####.......#
#.......# #.......#


You could see a killer bee zombie.

Vanquished Creatures
  The ghost of BlakeNormalHuman the Shield-Bearer, an amateur MiFi of Zin (D:3)
  A phantom (D:5)
  An ogre (D:4)
  A centaur (D:5)
  2 scorpions
  A howler monkey (D:6)
  2 bullfrog skeletons
  2 jellies (D:5)
  A bullfrog zombie (D:6)
  An orc priest (D:6)
  2 gnoll shamans
  Natasha (thrice) (D:2)
  2 worker ants (D:4)
  An iguana (D:5)
  2 orc wizards (D:6)
  A worker ant zombie (D:6)
  Robin (D:2)
  11 gnolls
  12 adders
  A shadow imp (D:5)
  An ooze (D:1)
  An adder skeleton (D:6)
  2 worms
  2 dart slugs
  5 orcs
  2 bats
  7 giant cockroaches
  19 goblins
  7 hobgoblins
  2 jackals (D:3)
  8 kobolds
  A ball python (D:1)
  A ball python zombie (D:6)
  7 frilled lizards
  8 rats
122 creatures vanquished.

Notes
Turn   | Place    | Note
-------+----------+-------------------------------------------
     0 | D:1      | Fang the Gargoyle Berserker began the quest for the Orb.
     0 | D:1      | Reached XP level 1. HP: 14/14 MP: 1/1
   150 | D:1      | Reached XP level 2. HP: 11/19 MP: 2/2
   854 | D:1      | Reached XP level 3. HP: 23/24 MP: 3/3
  1046 | D:2      | Noticed Robin
  1054 | D:2      | Reached ** piety under Trog
  1055 | D:2      | Noticed Natasha
  1057 | D:2      | Killed Robin
  1065 | D:2      | Killed Natasha
  1065 | D:2      | Reached skill level 4 in Fighting
  1065 | D:2      | Reached XP level 4. HP: 8/29 MP: 4/4
  1362 | D:2      | Found a shattered altar of Ashenzari.
  1376 | D:2      | Found a bloodstained altar of Trog.
  1550 | D:2      | Noticed Natasha
  1563 | D:2      | Killed Natasha
  1659 | D:2      | Reached XP level 5. HP: 21/33 MP: 5/5
  1984 | D:2      | Reached skill level 1 in Stealth
  2191 | D:2      | Noticed Natasha
  2203 | D:2      | Killed Natasha
  2565 | D:3      | Reached XP level 6. HP: 38/39 MP: 6/6
  2674 | D:3      | Reached *** piety under Trog
  2835 | D:3      | Found a runed translucent door.
  2835 | D:3      | Noticed BlakeNormalHuman's ghost (amateur MiFi)
  2918 | D:3      | Killed BlakeNormalHuman's ghost
  2918 | D:3      | Reached skill level 5 in Fighting
  3280 | D:4      | Reached XP level 7. HP: 44/44 MP: 7/7
  3876 | D:5      | Entered Level 5 of the Dungeon
  4037 | D:5      | Found a staircase to the Ecumenical Temple.
  4060 | D:5      | Reached skill level 6 in Fighting
  4060 | D:5      | Reached skill level 5 in Axes
  4376 | D:5      | Reached XP level 8. HP: 34/51 MP: 8/8
  5229 | D:6      | Reached **** piety under Trog
  5249 | D:6      | Reached skill level 7 in Fighting
  5249 | D:6      | Reached skill level 5 in Armour
  5268 | D:6      | Slain by a killer bee zombie

Levels and vault maps discovered:
D:1:      minmay_arrival_diagonal_passages, layout_basic
D:2:      layout_basic, nicolae_overflow_crystal_walls,
          overflow_temple_1_default, uniq_robin, uniq_natasha
D:3:      layout_rooms, first_ration, gammafunk_ghost_grave
D:4:      layout_loops_ring
D:5:      layout_cave_pods, temple_statues
D:6:      layout_basic, kennysheep_mini, basic_altar, serial_undead,
          serial_undead_c, serial_undead_d, serial_undead_b, serial_undead_d,
          nicolae_underground_beach

Skill      XL: |  1  2  3  4  5  6  7  8 |
---------------+-------------------------+-----
Axes           | 3 4 5 |  5.9
Dodging        | 2 |  2.3
Fighting       | 4 5 6 7 |  7.1
Armour         | 3 4 5 |  5.0
Stealth        | 1 2 3 4 |  4.1

Action                   |  1- 3 |  4- 6 |  7- 9 || total
-------------------------+-------+-------+-------++-------
Melee: Hand axe          |    94 |   191 |   196 ||   481
Invok: Berserk           |     1 |     4 |     3 ||     8
 Stab: Sleeping          |       |     2 |     2 ||     4
  Eat: Chunk             |     1 |    11 |     9 ||    21
Armor: Animal skin       |    30 |    76 |   105 ||   211
Dodge: Dodged            |    61 |   127 |   138 ||   326
